Map: [EWC] Post-Youth

Players

herO - Winner!

  • Race: Protoss Protoss
  • Spawn Location: 1:00

Cure

  • Race: Terran Terran
  • Spawn Location: 7:00

Event: Esports World Cup 2024

VOD

Have the link to the VOD?

Description

Time

  • Played on: Aug. 17, 2024, 12:57 p.m.
  • Length: 15:36

All games in this series

Show
View Real Time Build Order
Export as new Build Order

herO Protoss - Winner!

Build Orders: 1 Gate Expand, Oracle Opening, Phoenix Opening, Chargelot Immortal, Colossus Rush 

Get SALT Encoding   

  12  0:01  Probe  
  13  0:13  Probe  
  14  0:18  Pylon  
  14  0:25  Probe  
  15  0:37  Probe (Chrono Boost)  
  15  0:39  Gateway  
  16  0:47  Probe (Chrono Boost)  
  17  0:50  Assimilator  
  17  0:52  Probe (Chrono Boost)  
  18  1:03  Probe  
  19  1:16  Probe  
  20  1:26  Cybernetics Core  
  20  1:37  Nexus  
  20  1:43  Pylon  
  20  1:46  Probe  
  21  1:51  Assimilator  
  21  1:58  Probe  
  21  2:00  Stalker (Chrono Boost)  
  24  2:10  Probe (Chrono Boost)  
  25  2:22  Probe (Chrono Boost)  
  26  2:23  Adept  
  28  2:31  Probe (Chrono Boost)  
  28  2:33  Stargate  
  28  2:37  Probe  
  29  2:42  Warp Gate  
  30  2:49  Probe (Chrono Boost)  
  32  2:54  Adept  
  32  2:55  Probe (Chrono Boost)  
  35  2:58  Probe (Chrono Boost)  
  35  3:02  Probe (Chrono Boost)  
  35  3:03  Probe (Chrono Boost)  
  37  3:10  Assimilator  
  37  3:11  Assimilator  
  37  3:13  Oracle (Chrono Boost), Probe  
  37  3:15  Probe  
  42  3:20  Pylon  
  42  3:26  Probe  
  43  3:27  Probe  
  43  3:34  Robotics Facility  
  44  3:38  Probe  
  44  3:40  Probe  
  45  3:49  Phoenix  
  45  3:50  Probe  
  45  3:52  Probe  
  49  4:02  Probe  
  50  4:04  Probe  
  50  4:06  Pylon  
  50  4:08  Gateway  
  51  4:13  Phoenix, Pylon  
  51  4:15  Probe  
  54  4:23  Observer (Chrono Boost)  
  54  4:24  Probe  
  56  4:26  Robotics Bay  
  56  4:38  Phoenix  
  56  4:40  Immortal (Chrono Boost)  
  62  4:51  Nexus  
  62  4:55  Pylon  
  62  4:58  Shield Battery  
  62  5:00  Probe  
  62  5:02  Probe  
  62  5:06  Sentry x2  
  68  5:12  Probe  
  69  5:14  Probe  
  69  5:16  Colossus (Chrono Boost)  
  76  5:26  Shield Battery  
  76  5:27  Shield Battery  
  76  5:28  Probe  
  77  5:29  Probe  
  77  5:33  Extended Thermal Lance  
  78  5:40  Pylon  
  78  5:46  Pylon  
  78  5:50  Twilight Council  
  78  5:58  Colossus (Chrono Boost)  
  78  6:01  Probe x2 (Chrono Boost)  
  78  6:03  Probe (Chrono Boost)  
  87  6:06  Zealot, Sentry  
  93  6:13  Probe x2 (Chrono Boost)  
  93  6:16  Forge, Probe (Chrono Boost)  
  93  6:21  Probe (Chrono Boost)  
  93  6:23  Probe (Chrono Boost)  
  93  6:24  Pylon  
  93  6:25  Probe (Chrono Boost)  
  96  6:26  Probe (Chrono Boost)  
  98  6:36  Probe  
  98  6:38  Zealot x2  
  101  6:41  Protoss Ground Weapons Level 1  
  101  6:45  Gateway  
  101  6:46  Immortal  
  105  6:47  Shield Battery  
  105  6:49  Charge (Chrono Boost)  
  105  6:59  Photon Cannon  
  105  7:01  Zealot  
  105  7:02  Zealot  
  105  7:05  Phoenix  
  111  7:10  Pylon  
  111  7:12  Nexus  
  111  7:13  Shield Battery  
  111  7:21  Gateway, Pylon  
  111  7:23  Gateway  
  111  7:28  Immortal  
  115  7:34  Templar Archives  
  115  7:35  Zealot  
  116  7:38  Phoenix  
  116  7:52  Phoenix  
  116  7:56  Zealot x3  
  116  7:57  Probe x3  
  124  8:23  Phoenix (Chrono Boost), Immortal  
  124  8:25  Pylon  
  124  8:26  Pylon x2  
  130  8:32  Stalker x5  
  129  8:38  Probe x4  
  129  8:45  Phoenix (Chrono Boost)  
  127  8:50  Photon Cannon  
  127  8:52  Shield Battery  
  127  8:53  Blink  
  123  8:56  Zealot x5  
  123  8:57  Protoss Ground Armor Level 1 (Chrono Boost)  
  133  9:03  Immortal  
  133  9:04  Probe x3  
  133  9:05  Assimilator  
  133  9:07  Phoenix  
  142  9:16  Pylon  
  142  9:22  Zealot x5  
  150  9:35  Gateway x2  
  150  9:37  Nexus  
  148  9:41  Disruptor (Chrono Boost)  
  142  9:46  Zealot x5  
  122  10:08  Robotics Facility, Probe  
  122  10:10  Colossus (Chrono Boost)  
  122  10:11  Zealot x5  
  139  10:14  Photon Cannon  
  139  10:15  Shield Battery  
  139  10:17  Pylon  
  139  10:18  Phoenix  
  141  10:25  Forge  
  141  10:27  Gateway x2  
  141  10:36  Stalker x5  
  141  10:38  Probe x3  
  141  10:42  Stalker  
  156  10:43  Stalker  
  156  10:46  Pylon  
  158  10:55  Colossus (Chrono Boost)  
  164  11:06  Zealot x7  
  161  11:31  Stalker x4  
  163  11:36  Nexus, Pylon  
  148  11:58  Shield Battery  
  142  12:15  Shield Battery x2  
  142  12:16  Photon Cannon x2  
  142  12:26  Protoss Ground Weapons Level 2 (Chrono Boost)  
  142  12:33  Robotics Facility  
  138  13:14  Probe  
  138  13:17  Pylon x2  
  138  13:18  Stalker  
  141  13:22  Pylon  
  141  13:31  Pylon  
  141  13:32  Disruptor (Chrono Boost), Pylon  
  141  13:33  Disruptor (Chrono Boost)  
  141  13:34  Probe  
  148  13:43  High Templar  
  148  13:44  High Templar x3  
  148  13:46  Probe  
  148  13:48  Archon x2  
  155  13:53  Probe x2  
  157  13:57  Disruptor  
  157  13:58  Probe  
  157  14:01  Disruptor  
  157  14:02  Disruptor  
  168  14:05  Probe  
  167  14:10  Probe x2  
  165  14:17  Probe  
  165  14:18  Zealot x4  
  154  14:39  Colossus x2  
  154  14:43  Stalker  
  166  14:52  Zealot x2  
  170  15:00  Zealot  
  170  15:03  Gateway  
  162  15:23  Stalker x3  
Show
View Real Time Build Order
Export as new Build Order

Cure Terran 

Build Orders: Gas First Reaper Expand 

Get SALT Encoding   

  12  0:00  SCV  
  13  0:12  SCV  
  14  0:17  Supply Depot  
  14  0:24  SCV  
  14  0:28  Refinery  
  15  0:40  SCV  
  16  0:46  Barracks  
  16  0:53  SCV  
  17  1:05  SCV  
  18  1:17  SCV  
  19  1:34  Orbital Command, Reaper  
  20  1:49  Command Center  
  20  2:00  SCV  
  21  2:05  Factory  
  21  2:09  Barracks Reactor  
  21  2:12  SCV  
  22  2:16  Supply Depot  
  22  2:24  SCV  
  23  2:38  SCV  
  24  2:50  SCV  
  25  2:55  Hellion x2  
  29  3:02  SCV  
  29  3:03  Orbital Command  
  30  3:14  SCV  
  30  3:16  Barracks Tech Lab, Cyclone x2  
  35  3:26  SCV  
  36  3:28  Command Center  
  36  3:29  Refinery  
  36  3:30  SCV  
  37  3:35  Supply Depot  
  37  3:41  SCV  
  37  3:42  SCV  
  37  3:46  Marine  
  35  3:48  Cyclone x2  
  35  3:53  SCV  
  35  3:54  SCV  
  41  4:03  Stimpack  
  41  4:04  Marine  
  41  4:08  SCV x2  
  44  4:10  Barracks  
  44  4:12  Supply Depot  
  44  4:20  SCV x2  
  44  4:22  Marine  
  44  4:23  Barracks  
  47  4:27  Factory Tech Lab  
  47  4:29  Refinery, Engineering Bay  
  47  4:32  SCV x2  
  49  4:40  Marine  
  49  4:41  Orbital Command  
  49  4:44  SCV x2, Refinery  
  52  4:52  Starport  
  52  4:56  SCV x2  
  52  4:57  Marine, Factory Reactor  
  55  5:01  Terran Infantry Weapons Level 1  
  55  5:08  SCV x2  
  55  5:10  Barracks  
  55  5:11  Barracks  
  55  5:12  Combat Shield  
  57  5:16  Marine x3  
  57  5:19  Marine  
  61  5:21  Missile Turret  
  61  5:27  Missile Turret  
  61  5:29  SCV x3  
  61  5:32  Supply Depot  
  64  5:36  Marauder  
  64  5:38  Marauder  
  64  5:42  Marine x2  
  70  5:45  Medivac x2  
  70  5:47  Concussive Shells  
  70  5:49  SCV x2  
  76  5:52  Factory Reactor  
  76  5:53  Supply Depot  
  76  5:56  Supply Depot  
  76  5:59  Barracks Tech Lab, Barracks Reactor  
  76  6:00  Orbital Command  
  76  6:01  SCV x2  
  78  6:06  Marine x2, Marauder x2  
  84  6:13  SCV  
  84  6:15  Missile Turret  
  84  6:17  Medivac  
  84  6:18  Medivac  
  89  6:22  Marauder  
  89  6:24  Marine  
  92  6:27  SCV x2  
  92  6:28  SCV, Marauder  
  97  6:33  Supply Depot x2  
  97  6:37  Marine x2, Marauder  
  101  6:52  Supply Depot x2  
  101  6:54  SCV x3, Marine, Widow Mine x2  
  101  6:57  Viking  
  101  6:59  Viking  
  113  7:05  Supply Depot  
  113  7:06  SCV  
  113  7:07  Marauder  
  116  7:13  Marauder x2  
  116  7:14  Marine x2, Terran Infantry Armor Level 1  
  122  7:16  Marine x2  
  122  7:19  Widow Mine  
  122  7:21  Widow Mine  
  128  7:30  SCV  
  128  7:32  SCV, Engineering Bay, Armory  
  128  7:33  Supply Depot, SCV  
  128  7:48  Marauder x3, Viking x2  
  128  7:50  Marine x2  
  128  7:51  Marine x2  
  139  8:03  Widow Mine x2  
  143  8:07  Supply Depot  
  143  8:08  Supply Depot  
  135  8:14  Marine x4, Marauder  
  135  8:15  Marauder x2  
  129  8:22  Viking x2  
  131  8:29  Widow Mine x2  
  131  8:30  SCV x3  
  136  8:39  Terran Infantry Weapons Level 2  
  136  8:40  Terran Ship Weapons Level 1  
  124  8:46  Marine x4, Marauder x3  
  126  8:56  Refinery, Command Center  
  126  8:58  Refinery  
  126  9:08  Viking x2  
  130  9:10  Terran Infantry Armor Level 2  
  130  9:14  Marauder x3  
  130  9:15  Marine x3  
  139  9:26  Supply Depot, Ghost Academy  
  134  9:32  Widow Mine x2  
  134  9:34  Marine x2  
  134  9:36  Marauder x3  
  115  9:53  Marine x4  
  115  9:55  Medivac  
  115  9:57  Marauder x2  
  111  10:02  Medivac  
  112  10:10  Ghost  
  114  10:16  Widow Mine x2  
  114  10:18  Ghost  
  120  10:21  Ghost  
  120  10:23  Marine  
  120  10:25  Marine x2  
  125  10:30  Medivac  
  127  10:38  Marine  
  127  10:39  Marine, Viking  
  131  10:45  SCV x3  
  131  10:46  Marine x2  
  136  10:51  Ghost  
  136  10:55  Ghost  
  140  11:00  Viking  
  141  11:05  Marine x2  
  141  11:06  Marine x2, Marauder  
  141  11:08  Widow Mine  
  83  11:56  Orbital Command  
  83  12:22  Orbital Command  
  83  12:36  Barracks  
  83  12:40  Supply Depot x2  
  83  13:20  Barracks  
  83  13:21  Supply Depot x2, Barracks  
  83  13:23  Supply Depot  
  79  13:50  Orbital Command  
  79  13:52  Barracks Tech Lab  
  79  14:12  Barracks Tech Lab  
  63  14:38  Marauder  
  63  14:39  Barracks Tech Lab x2  
  61  14:55  Ghost Academy  
  61  15:01  Marauder  
  61  15:02  Marauder  
  65  15:07  Marauder  
Tags
 
Add a new tag
Caveats
  • Supply blocks, unpowered buildings, or Contaminate may cause inaccurate times.
  • Supply counts are checked every 10 seconds.